 Dungeon Crawl Stone Soup version 0.24.1 (webtiles) character file.

Game seed: 16644516150497628055, levelgen mode: deterministic

128 funkygono the Conjurer (level 4, -2/31 HPs)
             Began as a Demonspawn Conjurer on Mar 22, 2020.
             Was an Initiate of Vehumet.
             Killed by nerve-wracking pain
             ... invoked by Grinder
              (10 damage)
             ... on level 4 of the Dungeon.
             The game lasted 00:17:28 (4454 turns).

funkygono the Conjurer (Demonspawn Conjurer)        Turns: 4454, Time: 00:17:29

Health: -2/31      AC: 10    Str:  9    XL:     4   Next: 87%
Magic:  4/9        EV: 12    Int: 17    God:    Vehumet [......]
Gold:   103        SH:  0    Dex: 13    Spells: 3/9 levels left

rFire    . . .     SeeInvis .   (no weapon)
rCold    . . .     Gourm    .   (no shield)
rNeg     . . .     Faith    .   a - +1 robe
rPois    .         Spirit   .   m - +2 helmet
rElec    .         Reflect  .   k - +0 cloak
rCorr    .         Harm     .   (no gloves)
MR       .....                  (no boots)
Stlth    ++........             (no amulet)
HPRegen  0.10/turn              (no ring)
MPRegen  0.11/turn              (no ring)

@: no status effects
A: molten scales 2
a: Renounce Religion


You were on level 4 of the Dungeon.
You worshipped Vehumet.
Vehumet was noncommittal.
You were hungry.

You visited 1 branch of the dungeon, and saw 4 of its levels.

You collected 103 gold pieces.

Inventory:

Missiles
 b - 152 stones (quivered)
Armour
 a - a +1 robe (worn)
 k - a +0 cloak (worn)
 m - a +2 helmet (worn)
Scrolls
 e - 3 scrolls of identify
 h - a scroll of remove curse
 i - a scroll of blinking
 n - a scroll of fear
Potions
 f - 6 potions of curing
 j - a potion of flight
Comestibles
 c - 4 rations


   Skills:
 + Level 0.5 Fighting
 + Level 2.1 Dodging
 + Level 2.1 Stealth
 + Level 3.3 Spellcasting
 + Level 5.0 Conjurations


You had 3 spell levels left.
You knew the following spells:

 Your Spells              Type           Power        Failure   Level  Hunger
a - Magic Dart            Conj           ###.         1%          1    None
b - Searing Ray           Conj           ###...       3%          2    ##.....
c - Dazzling Spray        Conj/Hex       ##....       19%         3    ###....

Your spell library contained the following spells:

 Spells                   Type           Power        Failure   Level  Hunger
 Iskenderun's Mystic Bla  Conj           ###.....     21%         4    ####...
 Force Lance              Conj/Tloc      ##......     52%         4    ####...
 Fulminant Prism          Conj/Hex       ##........   52%         4    ####...


Dungeon Overview and Level Annotations

Branches:
Dungeon (3/15)

Altars:
Ru
Vehumet
Zin

Annotations:
D:4 Eustachio, Grinder, Pikel, Sigmund


Innate Abilities, Weirdness & Mutations

You are mostly covered in molten scales. (AC +3)


Message History

Something tries to affect you, but you resist.
Grinder gestures at you. Pain shoots through your body!
A slave comes into view.
The slave shouts!
Pikel the Slaver comes into view.
He is wielding a +0 whip of freezing.
Pikel shouts!
A slave comes into view.
Found a robe.
The adder skeleton closely misses you.
A slave comes into view.
Grinder says, "FISH!"
Grinder closely misses you. Grinder barely misses you.
The adder skeleton closely misses you.
You are feeling hungry.
Something hits you! Grinder hits you.
* * * LOW HITPOINT WARNING * * *
Grinder gestures at you. Pain shoots through your body!
You die...

........###..# ##..
#....$.#
...##....##..####
#.###.###..#
...##...........# #..##.#
...#
.............##.####....#
##.#
#.........#.....##.....##
.#
#§###..#.....##........#
.#
§§@...........##.#.....#
#§####......#..#.#.....#
§§# ##.........@####### #
§##
#.#.........Z.p#####.. §#
#...........5.J.K..p.. ##
##.........#.##......##
.#
#.....................[
.#
#..........#.......####
.# #..........#.####..#
.# #............# ### .#
#.############


You could see Pikel, Grinder, a slave, an ooze and an adder skeleton.

Vanquished Creatures
  Robin (D:2)
  4 adders
  4 worms
  A leopard gecko (D:3)
  5 orcs (D:3)
  7 bats
  4 giant cockroaches
  14 goblins
  5 hobgoblins
  4 jackals (D:1)
  A quokka (D:2)
  A frilled lizard (D:4)
  4 kobolds
  6 rats
61 creatures vanquished.

Vanquished Creatures (others)
  A plant (D:2)
1 creature vanquished.

Grand Total: 62 creatures vanquished

Notes
Turn   | Place    | Note
-------+----------+-------------------------------------------
     0 | D:1      | funkygono the Demonspawn Conjurer began the quest for the
                  | Orb.
     0 | D:1      | Reached XP level 1. HP: 13/13 MP: 3/3
   250 | D:1      | Gained mutation: You are partially covered in molten
                  | scales. (AC +2) [demonic ancestry]
   250 | D:1      | Reached XP level 2. HP: 19/19 MP: 0/5
   255 | D:1      | Learned a level 2 spell: Searing Ray
  1597 | D:2      | Reached XP level 3. HP: 9/24 MP: 0/6
  2133 | D:2      | Found a sacrificial altar of Ru.
  2134 | D:2      | Found a radiant altar of Vehumet.
  2138 | D:2      | Became a worshipper of Vehumet
  2169 | D:2      | Found a glowing silver altar of Zin.
  2678 | D:2      | Noticed Robin
  3016 | D:2      | Killed Robin
  3016 | D:2      | Gained mutation: You are mostly covered in molten scales.
                  | (AC +3) [demonic ancestry]
  3016 | D:2      | Reached XP level 4. HP: 15/31 MP: 0/8
  3286 | D:2      | Reached skill level 5 in Conjurations
  3407 | D:2      | Learned a level 3 spell: Dazzling Spray
  4185 | D:3      | You fall into a shaft and drop 1 floor!
  4318 | D:4      | Noticed Sigmund
  4389 | D:4      | Noticed Eustachio
  4430 | D:4      | Noticed Grinder
  4435 | D:4      | Paralysed by Grinder for 3 turns
  4448 | D:4      | Noticed a slave
  4449 | D:4      | Noticed Pikel
  4449 | D:4      | Noticed a slave
  4450 | D:4      | Noticed a slave
  4454 | D:4      | Killed from afar by Grinder

Levels and vault maps discovered:
D:1:      psy_arrival_fountain, layout_loops_ring, chequers_serial_rivers_room_a
D:2:      layout_loops_ring, gammafunk_temple_overflow_statue, zin_statuary,
          serial_forest, infiniplex_forest_clump_small,
          infiniplex_forest_lined_2, infiniplex_forest_lined_ring,
          infiniplex_forest_fountain, infiniplex_forest_end_2,
          infiniplex_forest_end_3, infiniplex_forest_corner_1,
          infiniplex_forest_clump_C, infiniplex_forest_clump_medium, uniq_robin
D:3:      layout_basic, first_ration, kennysheep_decorative_pillar,
          evilmike_ruin_ashenzari, uniq_crazy_yiuf_cottage
D:4:      layout_rooms, goddamned_bats, uniq_grinder, uniq_eustachio,
          uniq_pikel, uniq_sigmund

Skill      XL: |  1  2  3  4 |
---------------+-------------+-----
Dodging        | 2 |  2.1
Stealth        | 2 |  2.1
Conjurations   | 5 |  5.0
Spellcasting   | 3 |  3.3
Fighting       | |  0.5

Action                   |  1- 3 |  4- 6 || total
-------------------------+-------+-------++-------
Melee: Unarmed           |    19 |    12 ||    31
 Cast: Magic Dart        |   115 |    38 ||   153
       Searing Ray       |     7 |     4 ||    11
       Dazzling Spray    |       |     9 ||     9
  Use: Scroll            |     8 |     3 ||    11
 Stab: Invisible         |       |     1 ||     1
  Eat: Chunk             |     7 |     6 ||    13
Armor: Robe              |    26 |    25 ||    51
Dodge: Dodged            |    47 |    32 ||    79
